 Dungeon Crawl Stone Soup version 0.24.0-123-gd5b16e6ec5 (webtiles) character file.

Game seed: 2491299265807860872, levelgen mode: deterministic

80 Elellon the Chopper (level 4, -7/40 HPs)
             Began as a Deep Dwarf Fighter on Jan 20, 2020.
             Mangled by a gnoll
             ... wielding a cursed -1 halberd
              (8 damage)
             ... on level 3 of the Dungeon.
             The game lasted 00:03:52 (1676 turns).

Elellon the Chopper (Deep Dwarf Fighter)            Turns: 1676, Time: 00:03:53

Health: -7/40      AC:  6    Str: 21    XL:     4   Next: 18%
Magic:  4/4        EV:  7    Int:  8    God:
Gold:   109        SH:  9    Dex: 12    Spells: 3/3 levels left

rFire    . . .     SeeInvis .   a - +0 war axe
rCold    . . .     Gourm    .   c - +0 shield
rNeg     . . .     Faith    .   b - +0 scale mail
rPois    .         Spirit   .   (no helmet)
rElec    .         Reflect  .   (no cloak)
rCorr    .         Harm     .   (no gloves)
MR       .....                  (no boots)
Stlth    ..........             (no amulet)
HPRegen  0.00/turn              (no ring)
MPRegen  0.09/turn              (no ring)

@: non-regenerating
A: damage resistance, heal wounds, sense surroundings 1, no regeneration
a: Heal Wounds


You were on level 3 of the Dungeon.
You were not hungry.

You visited 1 branch of the dungeon, and saw 3 of its levels.

You collected 109 gold pieces.

Inventory:

Hand Weapons
 a - a +0 war axe (weapon)
Missiles
 g - 5 boomerangs of dispersal (quivered)
Armour
 b - a +0 scale mail (worn)
 c - a +0 shield (worn)
Jewellery
 r - an uncursed ring of fire {unknown}
Scrolls
 e - a scroll of identify {unknown}
 h - a scroll of teleportation {unknown}
 k - a scroll of blinking {unknown}
 l - 2 scrolls of remove curse {unknown}
 n - a scroll of magic mapping {unknown}
Potions
 d - 2 potions of might
 j - 2 potions of flight {unknown}
 m - a potion of invisibility {unknown}
 o - a potion of brilliance {unknown}
 p - 3 potions of resistance {unknown}
 q - a potion of ambrosia {unknown}
 s - a potion of lignification {unknown}
Comestibles
 f - 3 rations
 i - 2 chunks of flesh


   Skills:
 - Level 2.6 Fighting
 + Level 5.0 Axes
 - Level 3.2 Armour
 - Level 3.2 Shields


You had 3 spell levels left.
You didn't know any spells.
Your spell library was empty.

Dungeon Overview and Level Annotations

Branches:
Dungeon (3/15)

Altars:
Ashenzari


Innate Abilities, Weirdness & Mutations

You are resistant to damage.
You can heal yourself by infusing magical energy.
You passively map a small area around you.
You do not regenerate.


Message History

The gnoll hits you from afar with a +0 halberd.
You barely miss the gnoll. The gnoll hits you with a +0 halberd.
The gnoll hits you but does no damage.
You closely miss the gnoll. The gnoll closely misses you.
The gnoll hits you from afar with a +0 halberd.
You slash the gnoll!
You kill the gnoll!
Your Axes skill increases to level 5!
The gnoll hits you from afar with a +0 halberd!
The gnoll barely misses you. You block the gnoll's attack.
Things that are here:
a +0 halberd; a gnoll corpse You closely miss the gnoll.
The gnoll hits you with a +0 halberd!
* * * LOW HITPOINT WARNING * * *
The gnoll barely misses you.
You slash the gnoll!
The gnoll is severely wounded.
The gnoll closely misses you.
The gnoll hits you from afar with a cursed -1 halberd!
You die...

, * , ** * * .#
......... ,, #.#
........% , * #.#
*.$....... , ,* * #.##
......... , , *#
,.......(........ #. *
#.##.##.........
#.##.g###.##.##.........
.....gg@................
*
#.###.###.##.##.######.#
# #.##.##.# #.# ,
##.###.##.##.######.# ,
,......................
, ###..##.##.##..#####.#
, #., #........# #.# * *
# , ####.###.# #.. , , *
* #.# #.# ###


You could see 3 gnolls.

Vanquished Creatures
  A gnoll (D:3)
  2 oozes (D:1)
  An adder zombie (D:3)
  2 worms (D:2)
  3 leopard geckos
  7 bats
  4 giant cockroaches
  8 goblins
  3 hobgoblins
  4 kobolds
  2 quokkas (D:2)
  5 frilled lizards
  5 rats
47 creatures vanquished.

Notes
Turn   | Place    | Note
-------+----------+-------------------------------------------
     0 | D:1      | Elellon the Deep Dwarf Fighter began the quest for the Orb.
     0 | D:1      | Reached XP level 1. HP: 20/20 MP: 1/1
    44 | D:1      | Reached skill level 3 in Axes
    44 | D:1      | Reached XP level 2. HP: 27/27 MP: 2/2
   711 | D:1      | Reached XP level 3. HP: 28/33 MP: 3/3
   806 | D:2      | Reached skill level 4 in Axes
   895 | D:2      | Found a shattered altar of Ashenzari.
  1652 | D:3      | Reached XP level 4. HP: 15/40 MP: 4/4
  1668 | D:3      | HP: 2/40 [gnoll/+0 halberd (13)]
  1673 | D:3      | Reached skill level 5 in Axes
  1675 | D:3      | HP: 1/40 [gnoll/+0 halberd (12)]
  1676 | D:3      | Mangled by a gnoll

Levels and vault maps discovered:
D:1:      erik_arrival_gehennom, layout_basic, corexii_leaking_fountain,
          kennysheep_nondescript, chequers_serial_rivers_room_b
D:2:      layout_loops_ring, ashenzari_altar_1
D:3:      layout_basic, nicolae_ru_path_of_blood

Skill      XL: |  1  2  3  4 |
---------------+-------------+-----
Axes           | 3 4 5 |  5.0
Fighting       | |  2.6
Armour         | |  3.2
Shields        | |  3.2

Action                   |  1- 3 |  4- 6 || total
-------------------------+-------+-------++-------
Melee: War axe           |   181 |     5 ||   186
 Abil: Heal Wounds       |       |     1 ||     1
  Eat: Chunk             |     3 |       ||     3
Armor: Scale mail        |    96 |     1 ||    97
Dodge: Dodged            |    66 |     4 ||    70
Block: Shield            |    96 |     2 ||    98
